AoeStats
← fat_dgk

Hill Fort

507005159Analyzed
4v4 RM · 17d ago on Sep 16, 2026· 30m 24s· 8 players
Game mode
Random Map
Map size
Large (8 player)
Population
200
Speed
Normal
Resources
Standard
Victory
Conquest
Starting age
Dark Age
Ending age
Imperial Age
RankedLock teamsTeams togetherTeam positionsShared explorationLock speedFull tech treeHidden civsTurbo modeCheats
Victory
Defeat
🇨🇳 Vietnamese · China
1390
+11
1374
+11
🇻🇳 Japanese · Vietnam
1373
+11
🇹🇼 Persians · Taiwan
1351
+12
🇺🇸 Britons · United States
1293
-12
🇭🇰 Khmer · Hong Kong SAR China
1277
-11
🇨🇱 Mongols · Chile
1271
-11
🇭🇰 Magyars · Hong Kong SAR China
1250
-11
Dr Whitman
11:48 Feudal Age
20:30 Castle Age
18:17 Loom
19:02 Horse Collar
19:11 Double-Bit Axe
19:28 Stone Mining
21:58 Wheelbarrow
21:17 Gold Mining
21:40 Bow Saw
21:35 Heavy Plow
25:19 Fletching
fat_dgk
5:52 Loom
8:17 Feudal Age
26:04 Castle Age
24:45 Double-Bit Axe
28:46 Bow Saw
28:55 Husbandry
29:31 Fletching
29:42 Padded Archer Armor
30:13 Bodkin Arrow
虫
11:26 Feudal Age
16:36 Castle Age
15:09 Double-Bit Axe
16:50 Horse Collar
18:33 Bow Saw
18:25 Heavy Plow
19:04 Wheelbarrow
23:12 Hand Cart
22:51 Gold Mining
23:40 Loom
25:43 Gold Shaft Mining
24:58 Stone Mining
29:55 Imperial Age
28:53 Town Watch
29:54 Stone Shaft Mining
29:53 Town Patrol
30:13 Scale Barding Armor
30:18 Forging
30:11 Tusk Swords
31:00 Conscription
30:44 Husbandry
30:55 Bloodlines
adam
10:56 Feudal Age
12:00 Double-Bit Axe
12:34 Horse Collar
17:31 Loom
20:15 Castle Age
19:08 Bloodlines
19:58 Scale Barding Armor
23:27 Light Cavalry
25:19 Wheelbarrow
24:56 Heavy Plow
25:09 Bow Saw
25:49 Husbandry
HuynhSon
0:57 Loom
11:59 Feudal Age
12:38 Double-Bit Axe
18:48 Castle Age
17:09 Horse Collar
19:02 Gold Mining
19:50 Bow Saw
21:52 Gold Shaft Mining
21:38 Scale Mail Armor
23:20 Chain Mail Armor
25:10 Forging
25:02 Squires
25:36 Gambesons
28:03 Arson
伐伐伐伐伐木工
2:11 Loom
11:08 Feudal Age
12:01 Double-Bit Axe
22:04 Castle Age
20:13 Fletching
24:22 Wheelbarrow
23:43 Pikeman
24:13 Gambesons
24:59 Squires
25:36 Scale Mail Armor
25:47 Forging
26:42 Stone Mining
27:09 Arson
29:53 Chain Mail Armor
30:14 Iron Casting
野豬騎士來囉
10:07 Feudal Age
11:33 Double-Bit Axe
13:46 Loom
19:07 Horse Collar
23:35 Castle Age
22:13 Stone Mining
23:38 Wheelbarrow
24:34 Bow Saw
24:30 Heavy Plow
26:20 Hand Cart
25:58 Gold Mining
28:06 Coinage
32:56 Imperial Age
爆汁番茄
2:02 Loom
11:44 Feudal Age
12:21 Double-Bit Axe
18:07 Gold Mining
19:11 Horse Collar
20:13 Wheelbarrow
23:19 Castle Age
22:40 Fletching
22:50 Padded Archer Armor
23:00 Stone Mining
23:24 Crossbowman
24:05 Bodkin Arrow
26:29 Bow Saw
27:59 Leather Archer Armor
29:21 Husbandry
29:32 Bloodlines
Connection lost

Rejoining the realm…

Still unreachable

The connection could not be restored.

Session expired

The server has moved on; the page needs a fresh start.